 Dungeon Crawl Stone Soup version 0.20-a0-2-g2b0e13a (webtiles) character file.

211 varam the Ruffian (level 5, -7/50 HPs)
             Began as a Troll Monk on Oct 29, 2016.
             Was a Believer of Okawaru.
             Mangled by a gnoll
             ... wielding a +0 halberd
              (9 damage)
             ... on level 3 of the Dungeon.
             The game lasted 00:04:00 (1675 turns).

varam the Ruffian (Troll Monk)                      Turns: 1675, Time: 00:04:01

Health: -7/50      AC:  7    Str: 19    XL:     5   Next: 57%
Magic:  2/4        EV: 14    Int:  6    God:    Okawaru [**....]
Gold:   161        SH:  0    Dex: 13    Spells: 0 memorised, 4 levels left

rFire  . . .     SeeInvis .       - Unarmed
rCold  . . .     Gourm    +     a - +0 robe
rNeg   . . .     Faith    .     (no shield)
rPois  .         Spirit   .     s - +2 hat
rElec  .         Reflect  .     (no cloak)
rCorr  .         Harm     .     (gloves unavailable)
MR     .....                    (boots unavailable)
Stlth  +++.......               (no amulet)
                                (no ring)
                                (no ring)

@: lethally poisoned (-7 -> -12), heroism
A: unfitting armour, claws 3, fast metabolism 3, gourmand, regeneration 1,
shaggy fur 1, tough skin 2
a: Heroism, Renounce Religion


You were on level 3 of the Dungeon.
You worshipped Okawaru.
Okawaru was pleased with you.
You were completely stuffed.

You visited 1 branch of the dungeon, and saw 3 of its levels.

You collected 161 gold pieces.

Inventory:

Missiles
 f - 4 large rocks (quivered)
 i - 71 stones
Armour
 a - a +0 robe (worn)
 s - a +2 hat (worn)
Jewellery
 d - a +4 ring of evasion {unknown}
 o - a +5 amulet of reflection {unknown}
 q - a +5 ring of dexterity {unknown}
Scrolls
 c - 2 scrolls of magic mapping {unknown}
 j - a scroll of noise {unknown}
 m - 2 scrolls of remove curse {unknown}
 n - 2 scrolls of identify {unknown}
 r - a scroll of teleportation {unknown}
Potions
 e - a potion of curing {unknown}
 g - a potion of agility {unknown}
 h - a potion of lignification {unknown}
 k - 2 potions of heal wounds {unknown}
Books
 u - a book of Maledictions

   Spells                             Type                      Level
   a - Corona                         Hexes                        1
   b - Ensorcelled Hibernation        Hexes/Ice                    2
   c - Confuse                        Hexes                        3
   d - Tukima's Dance                 Hexes                        3
   e - Dazzling Spray                 Conjuration/Hexes            3
Comestibles
 b - 5 bread rations
 l - a meat ration
 p - a beef jerky
 t - 11 chunks of flesh


   Skills:
 - Level 2.4(7.4) Fighting
 - Level 2.4(7.4) Dodging
 - Level 1.0(6.0) Stealth
 + Level 6.3(11.3) Unarmed Combat


You had 4 spell levels left.
You didn't know any spells.

Dungeon Overview and Level Annotations

Branches:
Dungeon (3/15)

Altars:
Ashenzari
Okawaru


Innate Abilities, Weirdness & Mutations

You are too large for most types of armour.
You have claws for hands.
Your metabolism is lightning-fast.
You like to eat raw meat.
Your natural rate of healing is unusually fast.
You are covered in fur. (AC +1)
You have very tough skin. (AC +2)


Message History

The gnoll hits you from afar with a halberd!
The gnoll hits you.
The gnoll hits you from afar with a spear.
* * * LOW HITPOINT WARNING * * *
* * * LOW HITPOINT WARNING * * *
You feel sick.
You gain the combat prowess of a mighty hero.
* * * LOW HITPOINT WARNING * * *
You feel sick. The gnoll misses you.
The gnoll hits you from afar with a spear.
* * * LOW HITPOINT WARNING * * *
You claw the gnoll!
You kill the gnoll!
Okawaru accepts your kill.
* * * LOW HITPOINT WARNING * * *
You feel sick. The gnoll hits you but does no damage.
* * * LOW HITPOINT WARNING * * *
You feel sick.
The gnoll hits you from afar with a halberd!
You die...

#.# ##.############
#.# #.............#
#.####.##########.#
.......# #.#
#.###### #.# #.#
#.# #.# ##.# #.#
#..# ..### #@##
....# #g# ....# .g.
##..... ..... #
.#### ##...## #
..... # ##.##
######## #.#
.......#


You could see 2 gnolls.

Vanquished Creatures
  An orc priest (D:3)
  An orc wizard (D:3)
  6 gnolls (D:3)
  3 adders
  An ooze (D:1)
  3 dart slugs (D:1)
  A leopard gecko (D:1)
  7 orcs (D:3)
  4 bats
  A giant cockroach (D:3)
  5 goblins
  8 hobgoblins
  3 jackals (D:3)
  A quokka (D:2)
  2 frilled lizards (D:1)
  2 kobolds (D:3)
  7 rats
56 creatures vanquished.

Notes
Turn   | Place    | Note
-------+----------+-------------------------------------------
     0 | D:1      | varam the Troll Monk began the quest for the Orb.
     0 | D:1      | Reached XP level 1. HP: 22/22 MP: 0/0
   262 | D:1      | Reached XP level 2. HP: 26/29 MP: 1/1
   365 | D:1      | Reached skill level 4 in Unarmed Combat
   620 | D:1      | Reached XP level 3. HP: 36/36 MP: 2/2
   864 | D:2      | Found an iron altar of Okawaru.
   933 | D:2      | Became a worshipper of Warmaster Okawaru
   933 | D:2      | Reached * piety under Okawaru
   933 | D:2      | Reached ** piety under Okawaru
  1341 | D:3      | Reached XP level 4. HP: 44/44 MP: 3/3
  1344 | D:3      | Reached skill level 5 in Unarmed Combat
  1465 | D:3      | Reached XP level 5. HP: 48/50 MP: 4/4
  1505 | D:3      | Reached skill level 6 in Unarmed Combat
  1574 | D:3      | Found a shattered altar of Ashenzari.
  1673 | D:3      | HP: 4/50 [gnoll/spear (2)]
  1675 | D:3      | Mangled by a gnoll

Vault maps used:
D:1:      lemuel_arrival_behind_the_door_small
D:2:      okawaru_trees_2
D:3:      lemuel_doored_altar

Skill      XL: |  1  2  3  4  5 |
---------------+----------------+-----
Unarmed Combat | 4 5 6 |  6.3
Fighting       | |  2.4
Dodging        | |  2.4
Stealth        | |  1.0

Action                   |  1- 3 |  4- 6 || total
-------------------------+-------+-------++-------
Melee: Unarmed           |    68 |    50 ||   118
       Punch             |     1 |     3 ||     4
Invok: Heroism           |       |     1 ||     1
 Stab: Sleeping          |     3 |       ||     3
  Eat: Chunk             |    16 |     5 ||    21
Armor: Robe              |    17 |    16 ||    33
Dodge: Dodged            |    25 |    18 ||    43
